 Dungeon Sprint DCSS version 0.17-a0-1718-g72dbe4d (webtiles) character file.

11500000 ztt the Middleweight Champion (level 27, -27/273 HPs)
             Began as a Ghoul Monk on Aug 25, 2015.
             Was the Champion of Makhleb.
             Killed by the air
             ... invoked by a tyrant
              (43 damage)
             ... in the Dungeon (Sprint VIII: "Arena of Blood").
             The game lasted 00:03:12 (115 turns).

ztt the Middleweight Champion (Ghoul Monk)           Turns: 115, Time: 00:03:12

Health: -27/273    AC:  4    Str: 28    XL:     27
Magic:  40/53      EV: 26    Int:  5    God:    Makhleb [******]
Gold:   0          SH:  0    Dex: 11    Spells: 0 memorised, 80 levels left

rFire  . . .     SeeInvis .     i - +∞ Axe of Woe
rCold  + . .     Clarity  .     a - +0 robe
rNeg   + + +     SustAt   .     (no shield)
rPois  ∞         Gourm    .     (no helmet)
rElec  .         Spirit   .     (no cloak)
rCorr  .         Warding  .     (no gloves)
rMut   .         NoTele   +     (no boots)
MR     ++...                    (no amulet)
Stlth  +++++++++.               (no ring)
                                (no ring)

@: marked, rotting, very resistant to hostile enchantments, incredibly stealthy
A: rotting body, claws 1, carnivore 3, cold resistance 1, negative energy
resistance 3, slow healing 1, torment resistance, unbreathing
a: Minor Destruction, Lesser Servant of Makhleb, Major Destruction, Greater
Servant of Makhleb, Renounce Religion


You were in the Dungeon.
You worshipped Makhleb.
Makhleb was exalted by your worship.
You were not hungry.

You visited 1 branch

Inventory:

Hand weapons
 i - the +∞ Axe of Woe (weapon)
   (You found it in the Dungeon)
Armour
 a - a +0 robe (worn)
Scrolls
 h - a scroll of blinking
Potions
 c - a potion of curing
 d - a potion of heal wounds
 e - a potion of haste
 f - 2 potions of magic
 g - a potion of berserk rage
Comestibles
 b - a meat ration


   Skills:
 O Level 27 Fighting
 O Level 27 Axes
 O Level 27 Throwing
 O Level 27 Armour
 O Level 27 Dodging
 O Level 27 Stealth
 O Level 27 Unarmed Combat
 O Level 27 Spellcasting
 O Level 27 Invocations


You had 80 spell levels left.
You didn't know any spells.

Dungeon Overview and Level Annotations

Branches:
Dungeon (1/1)

Altars:
Makhleb

Annotations:
D The Servant


Innate Abilities, Weirdness & Mutations

Your body is rotting away.
You thrive on raw meat.
You are immune to poison.
You have sharp fingernails.
You are carnivorous and can eat meat at any time.
Your flesh is cold resistant.
You are immune to negative energy.
You heal slowly when monsters are visible.
You are immune to unholy pain and torment.
You can survive without breathing.


Message History

Makhleb accepts your kill.
You feel better.
You feel a bit more experienced.
You feel something staring at you.
A fireball appears from out of thin air!
The fireball explodes!
Deactivating autopickup; reactivate with Ctrl-A.
The fireball engulfs you!
You feel something staring at you. Something smites you!
The tyrant casts a spell.
The tyrant mumbles some strange words.
The Servant hits you from afar with a +9 glaive of flaming!!!!
* * * LOW HITPOINT WARNING * * *
The Servant burns you!!
* * * LOW HITPOINT WARNING * * *
You feel something staring at you. Something smites you!
* * * LOW HITPOINT WARNING * * *
The tyrant waves its bony arms in wide circles.
The air twists around and strikes you!
You die...

.....oo.###..........
#....X..._..§))...M..
....2x#.DX.X#X){.S§.#
......#2L{.o#o)x{{o..
......#.OOWX#{oo.X.#.
#.......§XOo§)WXMoX..
.......X###§§X)XoXXW#
...###..XLXX)###.....


#XXXL.o@# ..... #.XMoXXW# ..... ..X.L@oo.. .... .....Xoo%XD o.. ..XM..o.....
....L.%%.%.##. .XXX.%.D#. .. ..X.....#. ## You could see 3 accurseds, 2
tentacled monstrosities, 5 tyrants, The Servant, 3 eight-headed meat hydras, a
scourge, 21 large abominations, 3 dreads, 2 meat berserkers and 12 bags of meat.

Vanquished Creatures
  Sigmund (D)
  6 hell beasts (D)
  2 greater mummies (D)
  5 great orbs of eyes (D)
  6 wraiths (D)
  19 vampire knights (D)
  61 ogres (D)
  7 liches (D)
  6 hydras (D)
  114 orcs (D)
  4 phantoms (D)
  9 hill giants (D)
  9 skeletal warriors (D)
  11 large abominations (D)
  9 small abominations (D)
  31 crawling corpses (D)
300 creatures vanquished.

Vanquished Creatures (others)
  9 crawling corpses (D)
9 creatures vanquished.

Grand Total: 309 creatures vanquished

Notes
Turn   | Place    | Note
--------------------------------------------------------------
     0 | D        | ztt the Ghoul Monk began the quest for the Orb.
     0 | D        | Reached XP level 1. HP: 19/19 MP: 0/0
     4 | D        | Became a worshipper of Makhleb the Destroyer
     4 | D        | Acquired Makhleb's first power
     4 | D        | Acquired Makhleb's second power
     5 | D        | Noticed a bag of meat
     5 | D        | Noticed a bag of meat
     7 | D        | Noticed a bag of meat
     7 | D        | Noticed a meat berserker
     9 | D        | Noticed a bag of meat
    10 | D        | Noticed a meat berserker
    11 | D        | Noticed a bag of meat
    11 | D        | Noticed a bag of meat
    12 | D        | Noticed a bag of meat
    13 | D        | Noticed a meat berserker
    13 | D        | Noticed a bag of meat
    13 | D        | Noticed a meat berserker
    13 | D        | Killed a meat berserker
    13 | D        | Reached skill level 17 in Fighting
    13 | D        | Reached skill level 24 in Unarmed Combat
    13 | D        | Reached XP level 2. HP: 22/51 MP: 1/1
    13 | D        | Reached XP level 3. HP: 25/58 MP: 2/2
    13 | D        | Reached XP level 4. HP: 28/66 MP: 3/3
    13 | D        | Reached XP level 5. HP: 30/73 MP: 4/4
    13 | D        | Reached XP level 6. HP: 33/81 MP: 5/5
    13 | D        | Reached XP level 7. HP: 35/88 MP: 6/6
    13 | D        | Reached XP level 8. HP: 37/95 MP: 7/7
    13 | D        | Reached XP level 9. HP: 40/103 MP: 8/8
    13 | D        | Reached XP level 10. HP: 43/111 MP: 9/9
    13 | D        | Reached XP level 11. HP: 45/117 MP: 10/10
    13 | D        | Reached XP level 12. HP: 48/125 MP: 11/11
    13 | D        | Reached XP level 13. HP: 50/132 MP: 12/12
    14 | D        | Noticed a bag of meat
    14 | D        | Noticed a bag of meat
    14 | D        | Noticed a meat berserker
    14 | D        | Noticed a bag of meat
    14 | D        | Killed a meat berserker
    14 | D        | Reached skill level 27 in Unarmed Combat
    14 | D        | Reached XP level 14. HP: 126/151 MP: 13/13
    14 | D        | Killed a bag of meat
    14 | D        | Acquired Makhleb's third power
    14 | D        | Reached skill level 10 in Stealth
    14 | D        | Reached XP level 15. HP: 157/162 MP: 14/14
    15 | D        | Noticed a bag of meat
    15 | D        | Noticed a bag of meat
    15 | D        | Noticed a meat berserker
    15 | D        | Noticed a meat berserker
    15 | D        | Killed a meat berserker
    15 | D        | Reached skill level 5 in Axes
    15 | D        | Reached XP level 16. HP: 57/180 MP: 15/15
    15 | D        | Killed a meat berserker
    15 | D        | Acquired Makhleb's fourth power
    15 | D        | Reached skill level 27 in Fighting
    15 | D        | Killed a meat berserker
    15 | D        | Reached skill level 27 in Dodging
    15 | D        | Reached XP level 17. HP: 191/191 MP: 16/16
    16 | D        | Noticed a bag of meat
    16 | D        | Noticed a bag of meat
    16 | D        | Noticed a bag of meat
    16 | D        | Noticed a bag of meat
    16 | D        | Noticed a bag of meat
    16 | D        | Noticed a meat berserker
    16 | D        | Noticed a bag of meat
    16 | D        | Killed a bag of meat
    16 | D        | Killed a bag of meat
    16 | D        | Acquired Makhleb's fifth power
    16 | D        | Reached XP level 18. HP: 200/200 MP: 17/17
    17 | D        | Noticed a bag of meat
    17 | D        | Noticed a bag of meat
    17 | D        | Noticed a bag of meat
    17 | D        | Noticed a meat berserker
    17 | D        | Noticed a meat berserker
    17 | D        | Killed a bag of meat
    17 | D        | Killed a bag of meat
    17 | D        | Killed a meat berserker
    17 | D        | Reached XP level 19. HP: 207/207 MP: 18/18
    18 | D        | Noticed a bag of meat
    18 | D        | Noticed a meat berserker
    18 | D        | Noticed a bag of meat
    18 | D        | Killed a bag of meat
    18 | D        | Reached skill level 27 in Axes
    18 | D        | Reached skill level 27 in Stealth
    18 | D        | Killed a bag of meat
    18 | D        | Killed a meat berserker
    18 | D        | Reached skill level 10 in Spellcasting
    19 | D        | Noticed a bag of meat
    19 | D        | Killed a bag of meat
    19 | D        | Reached skill level 15 in Invocations
    19 | D        | Reached XP level 20. HP: 216/216 MP: 18/35
    19 | D        | Killed a meat berserker
    19 | D        | Reached skill level 15 in Throwing
    19 | D        | Reached skill level 15 in Armour
    19 | D        | Killed a meat berserker
    19 | D        | Reached XP level 21. HP: 224/224 MP: 18/40
    20 | D        | Noticed a destroyer
    20 | D        | Noticed a meat berserker
    20 | D        | Killed a bag of meat
    20 | D        | Killed a bag of meat
    21 | D        | Noticed a meat berserker
    21 | D        | Killed a bag of meat
    22 | D        | Noticed a bag of meat
    22 | D        | Noticed a bag of meat
    22 | D        | Killed a meat berserker
    23 | D        | Noticed a bag of meat
    23 | D        | Killed a bag of meat
    23 | D        | Reached XP level 22. HP: 233/233 MP: 18/46
    23 | D        | Killed a bag of meat
    23 | D        | Killed a bag of meat
    23 | D        | Reached skill level 27 in Invocations
    24 | D        | Noticed a bag of meat
    24 | D        | Killed a bag of meat
    24 | D        | Killed a destroyer
    24 | D        | Reached XP level 23. HP: 240/240 MP: 19/50
    25 | D        | Noticed a destroyer
    25 | D        | Noticed a bag of meat
    25 | D        | Killed a bag of meat
    25 | D        | Reached skill level 27 in Throwing
    25 | D        | Reached skill level 27 in Armour
    25 | D        | Killed a meat berserker
    25 | D        | Reached skill level 27 in Spellcasting
    26 | D        | Killed a meat berserker
    26 | D        | Killed a bag of meat
    27 | D        | Noticed a large bag of meat
    27 | D        | Noticed a bag of meat
    27 | D        | Killed a bag of meat
    27 | D        | Reached XP level 24. HP: 249/249 MP: 19/53
    27 | D        | Killed a bag of meat
    28 | D        | Noticed a bag of meat
    28 | D        | Noticed a large bag of meat
    28 | D        | Noticed a bag of meat
    28 | D        | Killed a bag of meat
    28 | D        | Killed a meat berserker
    28 | D        | Killed a bag of meat
    29 | D        | Noticed an eight-headed meat hydra
    29 | D        | Noticed a destroyer
    29 | D        | Noticed an eight-headed meat hydra
    29 | D        | Killed a bag of meat
    30 | D        | Noticed a destroyer
    30 | D        | Noticed a bag of meat
    30 | D        | Killed a bag of meat
    30 | D        | Reached XP level 25. HP: 257/257 MP: 20/53
    30 | D        | Killed a destroyer
    31 | D        | Noticed a bag of meat
    31 | D        | Killed a bag of meat
    32 | D        | Noticed a destroyer
    32 | D        | Killed a bag of meat
    32 | D        | Killed a bag of meat
    33 | D        | Noticed a bag of meat
    33 | D        | Killed a nine-headed meat hydra
    33 | D        | Reached XP level 26. HP: 266/266 MP: 21/53
    33 | D        | Killed a destroyer
    34 | D        | Noticed a bag of meat
    34 | D        | Killed a bag of meat
    34 | D        | Killed a bag of meat
    35 | D        | Noticed a sculptor of flesh
    35 | D        | Killed a bag of meat
    36 | D        | Killed a nine-headed meat hydra
    36 | D        | Reached XP level 27. HP: 273/273 MP: 21/53
    36 | D        | Killed a large bag of meat
    37 | D        | Killed a bag of meat
    37 | D        | Killed a bag of meat
    37 | D        | Killed a destroyer
    38 | D        | Killed a large bag of meat
    38 | D        | Killed a sculptor of flesh
    39 | D        | Noticed a destroyer
    40 | D        | Killed a destroyer
    41 | D        | Noticed a meat berserker
    41 | D        | Killed a bag of meat
    41 | D        | Killed a bag of meat
    41 | D        | Killed a meat berserker
    42 | D        | Noticed a destroyer
    42 | D        | Killed a bag of meat
    42 | D        | Killed a destroyer
    43 | D        | Noticed a destroyer
    43 | D        | Noticed a meat berserker
    43 | D        | Noticed a destroyer
    43 | D        | Noticed a destroyer
    43 | D        | Noticed a bag of meat
    43 | D        | Noticed a bag of meat
    44 | D        | Noticed a meat berserker
    44 | D        | Noticed a bag of meat
    44 | D        | Noticed a bag of meat
    44 | D        | Noticed a bag of meat
    45 | D        | Noticed a meat berserker
    45 | D        | Noticed a large bag of meat
    45 | D        | Killed a bag of meat
    45 | D        | Killed a destroyer
    45 | D        | Killed a bag of meat
    46 | D        | Noticed a bag of meat
    46 | D        | Noticed a bag of meat
    46 | D        | Noticed an accursed
    46 | D        | Noticed a sculptor of flesh
    46 | D        | Noticed a bag of meat
    47 | D        | Noticed a bag of meat
    47 | D        | Noticed a bag of meat
    47 | D        | Noticed a destroyer
    47 | D        | Noticed a large bag of meat
    47 | D        | Noticed a meat berserker
    47 | D        | Noticed a bag of meat
    47 | D        | Killed a destroyer
    48 | D        | Noticed a sculptor of flesh
    48 | D        | Noticed a tyrant
    48 | D        | Noticed a bag of meat
    48 | D        | Noticed a bag of meat
    48 | D        | Noticed a bag of meat
    48 | D        | Noticed a tyrant
    49 | D        | Noticed a bag of meat
    49 | D        | Killed a meat berserker
    49 | D        | Killed a meat berserker
    49 | D        | Killed a bag of meat
    50 | D        | Noticed a bag of meat
    50 | D        | Noticed a destroyer
    50 | D        | Killed a meat berserker
    50 | D        | Killed a bag of meat
    50 | D        | Killed a destroyer
    51 | D        | Killed a bag of meat
    51 | D        | Killed a bag of meat
    51 | D        | Killed a meat berserker
    52 | D        | Noticed a meat berserker
    52 | D        | Killed a tyrant
    52 | D        | Killed a large bag of meat
    52 | D        | Killed a bag of meat
    53 | D        | Noticed a meat berserker
    53 | D        | Killed a bag of meat
    53 | D        | Killed a destroyer
    54 | D        | Killed a bag of meat
    55 | D        | Killed a destroyer
    55 | D        | Killed a bag of meat
    55 | D        | Killed a destroyer
    56 | D        | Noticed a meat berserker
    56 | D        | Noticed a meat berserker
    56 | D        | Killed a bag of meat
    56 | D        | Killed a large bag of meat
    56 | D        | Killed a tyrant
    57 | D        | Killed an accursed
    57 | D        | Killed a bag of meat
    57 | D        | Killed a sculptor of flesh
    58 | D        | Noticed a sculptor of flesh
    58 | D        | Noticed a bag of meat
    58 | D        | Killed a bag of meat
    58 | D        | Killed a bag of meat
    59 | D        | Noticed a bag of meat
    59 | D        | Noticed The Captor
    59 | D        | Noticed a bag of meat
    59 | D        | Killed a meat berserker
    60 | D        | Noticed a meat beast
    60 | D        | Killed a meat berserker
    60 | D        | Killed a meat berserker
    61 | D        | Noticed a sculptor of flesh
    61 | D        | Noticed a bag of meat
    61 | D        | Killed a bag of meat
    61 | D        | Killed a bag of meat
    62 | D        | Noticed a destroyer
    63 | D        | Killed a sculptor of flesh
    64 | D        | Noticed a bag of meat
    64 | D        | Noticed a meat berserker
    64 | D        | Killed a bag of meat
    64 | D        | Killed a meat berserker
    64 | D        | Killed a meat beast
    65 | D        | Noticed a meat berserker
    65 | D        | Killed a bag of meat
    65 | D        | Killed a bag of meat
    66 | D        | Noticed a meat berserker
    66 | D        | Noticed an accursed
    67 | D        | Noticed a meat berserker
    67 | D        | Noticed a meat berserker
    67 | D        | Killed a sculptor of flesh
    67 | D        | Killed a destroyer
    67 | D        | Killed a bag of meat
    68 | D        | Noticed a meat berserker
    68 | D        | Noticed a dread
    68 | D        | Noticed a dread
    68 | D        | Noticed a meat berserker
    68 | D        | Killed a bag of meat
    69 | D        | Noticed a bag of meat
    69 | D        | Noticed a meat berserker
    69 | D        | Killed The Captor
    69 | D        | Killed a meat berserker
    70 | D        | Noticed a meat berserker
    70 | D        | Noticed a meat berserker
    70 | D        | Noticed a meat berserker
    70 | D        | Noticed a dread
    70 | D        | Killed a bag of meat
    71 | D        | Noticed a bag of meat
    71 | D        | Noticed a meat beast
    71 | D        | Noticed an eight-headed meat hydra
    71 | D        | Killed a sculptor of flesh
    71 | D        | Killed a meat berserker
    71 | D        | Killed a meat berserker
    72 | D        | Noticed a tyrant
    72 | D        | Killed a meat berserker
    73 | D        | Noticed a bag of meat
    73 | D        | Noticed a meat berserker
    73 | D        | Noticed a meat berserker
    73 | D        | Noticed a bag of meat
    73 | D        | Noticed a meat berserker
    73 | D        | Noticed a bag of meat
    73 | D        | Killed a meat berserker
    73 | D        | Killed a meat berserker
    73 | D        | Killed a bag of meat
    74 | D        | Noticed a meat berserker
    74 | D        | Noticed a meat berserker
    74 | D        | Noticed a bag of meat
    74 | D        | Noticed a bag of meat
    74 | D        | Noticed a meat berserker
    74 | D        | Noticed a meat berserker
    74 | D        | Noticed a meat berserker
    74 | D        | Killed a meat beast
    74 | D        | Killed a meat berserker
    74 | D        | Killed a meat berserker
    75 | D        | Noticed a meat berserker
    75 | D        | Noticed a bag of meat
    75 | D        | Noticed a meat berserker
    75 | D        | Noticed a destroyer
    75 | D        | Noticed a sculptor of flesh
    75 | D        | Noticed a meat berserker
    75 | D        | Killed a dread
    75 | D        | Killed a meat berserker
    75 | D        | Killed a meat berserker
    75 | D        | Killed a meat berserker
    76 | D        | Noticed a meat berserker
    76 | D        | Noticed an accursed
    76 | D        | Noticed a bag of meat
    76 | D        | Noticed a bag of meat
    76 | D        | Noticed a bag of meat
    76 | D        | Killed a destroyer
    76 | D        | Killed a meat berserker
    77 | D        | Noticed a bag of meat
    77 | D        | Noticed a large bag of meat
    77 | D        | Noticed a destroyer
    77 | D        | Noticed a bag of meat
    77 | D        | Noticed a dread
    77 | D        | Noticed a meat berserker
    77 | D        | Killed a meat berserker
    77 | D        | Killed a bag of meat
    78 | D        | Noticed a bag of meat
    78 | D        | Noticed a meat berserker
    78 | D        | Noticed a bag of meat
    78 | D        | Killed a bag of meat
    79 | D        | Noticed a large bag of meat
    79 | D        | Noticed a meat berserker
    79 | D        | Noticed a bag of meat
    79 | D        | Noticed a meat berserker
    79 | D        | Noticed a bag of meat
    79 | D        | Noticed a bag of meat
    79 | D        | Noticed a meat berserker
    80 | D        | Noticed a bag of meat
    80 | D        | Noticed a bag of meat
    80 | D        | Noticed a meat berserker
    80 | D        | Noticed a dread
    80 | D        | Noticed a bag of meat
    80 | D        | Noticed a bag of meat
    80 | D        | Noticed a bag of meat
    80 | D        | Noticed a tyrant
    80 | D        | Noticed a bag of meat
    80 | D        | Noticed a meat berserker
    80 | D        | Killed a meat berserker
    80 | D        | Killed a meat berserker
    80 | D        | Killed a meat berserker
    80 | D        | Killed a bag of meat
    81 | D        | Noticed a bag of meat
    81 | D        | Noticed a bag of meat
    81 | D        | Noticed a bag of meat
    81 | D        | Noticed a bag of meat
    81 | D        | Noticed a bag of meat
    81 | D        | Killed a meat berserker
    81 | D        | Killed a meat berserker
    81 | D        | Killed a bag of meat
    81 | D        | Killed a destroyer
    81 | D        | Killed a meat berserker
    82 | D        | Noticed a meat berserker
    82 | D        | Noticed a bag of meat
    82 | D        | Noticed a meat berserker
    82 | D        | Noticed a meat berserker
    82 | D        | Noticed a sculptor of flesh
    82 | D        | Noticed an accursed
    82 | D        | Noticed a bag of meat
    82 | D        | Killed a dread
    82 | D        | Killed a meat berserker
    83 | D        | Noticed a sculptor of flesh
    83 | D        | Noticed a bag of meat
    83 | D        | Noticed a meat berserker
    83 | D        | Noticed a tyrant
    83 | D        | Noticed a dread
    83 | D        | Noticed a bag of meat
    83 | D        | Noticed a bag of meat
    83 | D        | Noticed a tyrant
    83 | D        | Killed a bag of meat
    83 | D        | Killed a bag of meat
    83 | D        | Killed a tyrant
    84 | D        | Noticed a tyrant
    84 | D        | Noticed a destroyer
    84 | D        | Noticed a sculptor of flesh
    84 | D        | Noticed a dread
    84 | D        | Killed a meat berserker
    84 | D        | Killed a meat berserker
    84 | D        | Killed a dread
    84 | D        | Killed a meat berserker
    84 | D        | Killed a nine-headed meat hydra
    85 | D        | Noticed a bag of meat
    85 | D        | Noticed a tyrant
    85 | D        | Noticed a destroyer
    85 | D        | Noticed a large bag of meat
    85 | D        | Noticed a meat berserker
    85 | D        | Killed a meat berserker
    85 | D        | Killed a meat berserker
    86 | D        | Noticed a bag of meat
    86 | D        | Noticed a bag of meat
    86 | D        | Noticed a meat berserker
    86 | D        | Noticed a meat berserker
    86 | D        | Killed a meat berserker
    86 | D        | Killed a large bag of meat
    86 | D        | Killed a bag of meat
    86 | D        | Killed a meat berserker
    86 | D        | Killed a meat berserker
    87 | D        | Noticed a bag of meat
    87 | D        | Noticed a bag of meat
    87 | D        | Noticed a tyrant
    87 | D        | Noticed a meat berserker
    87 | D        | Killed a meat berserker
    88 | D        | Noticed a bag of meat
    88 | D        | Noticed a bag of meat
    88 | D        | Noticed a bag of meat
    88 | D        | Noticed a bag of meat
    88 | D        | Noticed a dread
    88 | D        | Noticed a meat beast
    88 | D        | Noticed a bag of meat
    88 | D        | Killed a destroyer
    88 | D        | Killed a meat berserker
    89 | D        | Noticed a bag of meat
    89 | D        | Killed a bag of meat
    89 | D        | Killed a bag of meat
    89 | D        | Killed a bag of meat
    89 | D        | Killed a bag of meat
    90 | D        | Noticed a destroyer
    90 | D        | Noticed a bag of meat
    90 | D        | Noticed a bag of meat
    90 | D        | Noticed a meat beast
    90 | D        | Noticed a bag of meat
    90 | D        | Noticed a large bag of meat
    90 | D        | Noticed a bag of meat
    91 | D        | Noticed a destroyer
    91 | D        | Noticed a bag of meat
    91 | D        | Noticed a bag of meat
    91 | D        | Killed a bag of meat
    91 | D        | Killed a destroyer
    91 | D        | Killed a meat berserker
    91 | D        | Killed a bag of meat
    91 | D        | Killed a bag of meat
    92 | D        | Noticed a bag of meat
    92 | D        | Noticed a bag of meat
    92 | D        | Noticed a bag of meat
    92 | D        | Noticed a bag of meat
    92 | D        | Noticed a bag of meat
    92 | D        | Killed a tyrant
    92 | D        | Killed a destroyer
    93 | D        | Noticed a tyrant
    93 | D        | Noticed a bag of meat
    93 | D        | Noticed a bag of meat
    93 | D        | Killed a meat berserker
    93 | D        | Killed a wretched soul
    93 | D        | Killed a tyrant
    94 | D        | Noticed a bag of meat
    94 | D        | Noticed a bag of meat
    94 | D        | Killed a bag of meat
    94 | D        | Killed a wretched soul
    94 | D        | Killed a bag of meat
    94 | D        | Killed a large bag of meat
    94 | D        | Killed a bag of meat
    94 | D        | Killed a meat berserker
    95 | D        | Noticed a meat beast
    95 | D        | Killed a meat berserker
    95 | D        | Killed a meat beast
    95 | D        | Killed a destroyer
    95 | D        | Killed a meat berserker
    96 | D        | Noticed a bag of meat
    96 | D        | Noticed a bag of meat
    96 | D        | Noticed a meat beast
    96 | D        | Noticed The Servant
    96 | D        | Killed a bag of meat
    96 | D        | Killed a bag of meat
    96 | D        | Killed a bag of meat
    97 | D        | Killed a bag of meat
    97 | D        | Killed a meat berserker
    97 | D        | Killed a dread
    97 | D        | Killed a meat berserker
    98 | D        | Noticed a bag of meat
    98 | D        | Noticed a tyrant
    98 | D        | Killed an accursed
    99 | D        | Noticed a meat berserker
    99 | D        | Noticed a bag of meat
    99 | D        | Noticed a bag of meat
    99 | D        | Noticed a bag of meat
    99 | D        | Killed a sculptor of flesh
    99 | D        | Killed a bag of meat
    99 | D        | Killed a dread
    99 | D        | Killed a large bag of meat
   100 | D        | Noticed a bag of meat
   100 | D        | Killed a meat beast
   100 | D        | Killed a bag of meat
   101 | D        | Noticed an accursed
   101 | D        | Noticed a bag of meat
   101 | D        | Noticed a bag of meat
   101 | D        | Killed a bag of meat
   101 | D        | Killed a meat berserker
   101 | D        | Killed a sculptor of flesh
   101 | D        | Killed a dread
   101 | D        | Killed a bag of meat
   102 | D        | Noticed a tyrant
   102 | D        | Noticed an accursed
   102 | D        | Noticed a bag of meat
   102 | D        | Killed a bag of meat
   102 | D        | Killed a bag of meat
   102 | D        | Killed a meat beast
   102 | D        | Killed a bag of meat
   102 | D        | Killed a large bag of meat
   102 | D        | Killed a bag of meat
   103 | D        | Noticed a bag of meat
   103 | D        | Noticed a bag of meat
   103 | D        | Noticed a bag of meat
   103 | D        | Killed a bag of meat
   103 | D        | Killed a bag of meat
   104 | D        | Noticed a large bag of meat
   104 | D        | Killed a bag of meat
   104 | D        | Killed a bag of meat
   104 | D        | Killed a bag of meat
   105 | D        | Killed a sculptor of flesh
   105 | D        | Killed a bag of meat
   105 | D        | Killed a wretched soul
   106 | D        | Noticed a meat berserker
   106 | D        | Noticed a meat berserker
   106 | D        | Noticed a bag of meat
   106 | D        | Killed a bag of meat
   106 | D        | Killed an observer
   106 | D        | Killed a bag of meat
   107 | D        | Noticed a bag of meat
   107 | D        | Noticed a tyrant
   107 | D        | Noticed a meat beast
   107 | D        | Killed a bag of meat
   107 | D        | Killed a sculptor of flesh
   107 | D        | Killed a bag of meat
   108 | D        | Killed a bag of meat
   108 | D        | Killed an observer
   108 | D        | Killed a bag of meat
   108 | D        | Killed a tyrant
   108 | D        | Killed an observer
   109 | D        | Noticed a dread
   109 | D        | Killed a bag of meat
   109 | D        | Killed a bag of meat
   109 | D        | Killed a bag of meat
   109 | D        | Killed a tyrant
   109 | D        | Killed a bag of meat
   110 | D        | Killed a bag of meat
   110 | D        | Killed a bag of meat
   110 | D        | Killed a bag of meat
   111 | D        | Noticed a dread
   111 | D        | Killed a large bag of meat
   111 | D        | Killed a bag of meat
   111 | D        | Killed a bag of meat
   112 | D        | Noticed a tyrant
   112 | D        | Noticed a bag of meat
   112 | D        | Killed a meat beast
   112 | D        | Killed an observer
   112 | D        | Killed a bag of meat
   113 | D        | Killed a bag of meat
   113 | D        | Killed a bag of meat
   113 | D        | Killed an observer
   113 | D        | Killed a bag of meat
   114 | D        | Killed a meat berserker
   114 | D        | Killed a bag of meat
   115 | D        | Killed a bag of meat
   115 | D        | Killed a bag of meat
   115 | D        | Killed a wretched soul
   115 | D        | Killed from afar by a tyrant

Vault maps used:
D:        meatsprint

Action                   |  1- 3 |  4- 6 |  7- 9 | 10-12 | 13-15 | 16-18 | 19-21 | 22-24 | 25-27 || total
-------------------------+-------+-------+-------+-------+-------+-------+-------+-------+-------++-------
Melee: Executioner's axe |     1 |       |       |       |     2 |     2 |     6 |     7 |    80 ||    98
